 Dungeon Crawl Stone Soup version 0.30.1-3-gfc49f6343a (webtiles) character file.

Game seed: 16658834067085140409

16620 shmup the Arsonist (level 12, -1/74 HPs)
             Began as a Tengu Fire Elementalist on Aug 1, 2023.
             Was an Elder of Nemelex Xobeh.
             Slain by a komodo dragon (14 damage)
             ... on level 1 of the Lair of Beasts.
             The game lasted 00:45:40 (12632 turns).

shmup the Arsonist (Tengu Fire Elementalist)       Turns: 12632, Time: 00:45:41

Health: -1/74      AC:  6    Str: 10    XL:     12   Next: 39%
Magic:  19/25      EV: 19    Int: 26    God:    Nemelex Xobeh [****..]
Gold:   612        SH:  0    Dex: 14    Spells: 1/16 levels left

rFire   . . .        a - staff of conjuration
rCold   . . .        (no shield)
rNeg    . . .        m - +1 robe
rPois   .            (helmet restricted)
rElec   .            R - +2 cloak
rCorr   .            (no gloves)
SInv    .            (boots unavailable)
Will    .....        i - amulet of magic regeneration
Stlth   ++           O - +6 ring of intelligence
HPRegen 0.32/turn    P - ring of magical power
MPRegen 0.59/turn

%: no passive effects
@: flying quickly and evasively, quick
A: beak, talons 3, nimble flight
a: Renounce Religion, Draw Escape, Draw Destruction, Draw Summoning, Triple
Draw, Deal Four


You were on level 1 of the Lair of Beasts.
You worshipped Nemelex Xobeh.
Nemelex Xobeh was greatly pleased with you.
You visited 3 branches of the dungeon, and saw 15 of its levels.

You collected 612 gold pieces.

Inventory:

Hand Weapons
 b - a +5 halberd of freezing
 w - a +1 mace of protection
 z - a +0 spear of venom
 B - a +1 dagger of electrocution
 D - a +1 dagger of draining
 S - a +1 short sword of speed
Missiles
 E - 16 boomerangs
 F - 2 boomerangs of dispersal
 J - 25 poisoned darts
 W - 4 curare-tipped darts
Armour
 h - an orb of light
 m - a +1 robe (worn)
 R - a +2 cloak (worn)
Magical Staves
 a - a staff of conjuration (weapon)
Jewellery
 i - an amulet of magic regeneration (around neck)
 G - a ring of fire
 I - a ring of resist corrosion
 O - a +6 ring of intelligence (left hand)
 P - a ring of magical power (right hand)
 Q - an amulet of faith
 V - a ring of see invisible
Wands
 u - a wand of digging (3)
 L - a wand of flame (27)
 M - a wand of iceblast (12)
Scrolls
 e - a scroll of butterflies {unknown}
 f - a scroll of torment {unknown}
 k - 2 scrolls of fear
 l - 5 scrolls of teleportation
 o - 2 scrolls of noise
 p - 2 scrolls of immolation
 s - 4 scrolls of fog
 y - a scroll of enchant weapon {unknown}
 A - a scroll of vulnerability {unknown}
 H - a scroll of magic mapping
 K - 4 scrolls of blinking
 T - a scroll of enchant armour
Potions
 c - 8 potions of curing
 d - 2 potions of mutation
 g - a potion of attraction {unknown}
 j - a potion of magic
 n - a potion of brilliance {unknown}
 q - a potion of might {unknown}
 r - a potion of flight {unknown}
 t - a potion of invisibility {unknown}
 v - 2 potions of ambrosia
 x - 2 potions of degeneration {unknown}
 C - a potion of berserk rage {unknown}
 N - 2 potions of lignification {unknown}
 X - 2 potions of cancellation {unknown}
Miscellaneous
 Y - a phial of floods
 Z - a lightning rod (4/4)


   Skills:
 + Level 8.2 Fighting
 + Level 9.3 Dodging
 - Level 2.0 Stealth
 - Level 2.5 Spellcasting
 + Level 12.7 Conjurations
 * Level 14.4 Fire Magic


You had one spell level left.
You knew the following spells:

 Your Spells              Type           Power      Damage    Failure   Level
a - Foxfire               Conj/Fire      100%       2x1d9     1%          1
b - Scorch                Fire           100%       2d9       1%          2
c - Inner Flame           Hex/Fire       40%        N/A       1%          3
d - Iskenderun's Battles  Conj           81%        2d13      1%          5
w - Flame Wave            Conj/Fire      84%        2d18      1%          4

Your spell library contained the following spells:

 Spells                   Type           Power      Damage    Failure   Level
 Momentum Strike          Conj/Tloc      100%       3d10      1%          2
 Volatile Blastmotes      Fire/Tloc      80%        2d16      1%          3
 Blink                    Tloc           6%         N/A       16%         2
 Ensorcelled Hibernation  Hex/Ice        6%         N/A       16%         2
 Lesser Beckoning         Tloc           6%         N/A       16%         2
 Passwall                 Tmut/Erth      2%         N/A       16%         2
 Frozen Ramparts          Ice            6%         1d1       30%         3
 Swiftness                Air            3%         N/A       30%         3
 Ice Form                 Ice/Tmut       3%         N/A       69%         4
 Summon Ice Beast         Ice/Summ       3%         N/A       69%         4
 Iron Shot                Conj/Erth      26%        9d6       73%         6
 Spellforged Servitor     Conj/Summ      26%        N/A       99%         7


Dungeon Overview and Level Annotations

Branches:
Dungeon (11/15) Zot: 26203  Temple (0/1) D:6            Lair (2/5) D:8 Zot: 10626
    Orc (2/2) D:10 Zot: 11645     Elf (0/3) Orc:2
  Swamp: Lair:2-3    Shoals: Lair:2-3     Snake: Lair:2-3    Spider: Lair:2-3

Altars:
Cheibriados
Elyvilon
Gozag
Hepliaklqana
Kikubaaqudgha
Nemelex Xobeh
Okawaru
Trog
Vehumet
Yredelemnul
Zin
The Shining One

Shops:
D:9 [

Annotations:
D:7 exclusion: downstairs, Duvessa
D:9 exclusion: downstairs
Lair:1 exclusions: downstairs and 7 more exclusions


Innate Abilities, Weirdness & Mutations

You have a beak for a mouth.
You have claws for feet.
Your magical nature lets you fly swiftly and evasively.


Message History

The komodo dragon bites you!!
* * * LOW HITPOINT WARNING * * *
You hear a howl!
You fly upwards.
Level annotation: exclusions: downstairs and 7 more exclusions
There is a stone staircase leading down here.
As you read the scroll of fear, it crumbles to dust.
You assume a fearsome visage.
The wolf looks frightened! x2
The komodo dragon looks frightened!
The wolf is no longer more vulnerable to fire.
You see here a bullfrog corpse.
Unknown command.
You start resting.
A komodo dragon is nearby!
Casting: Scorch (safe; 1% risk of failure)
Confirm with . or Enter, or press ? or * to list all spells.
Flames lash the komodo dragon.
The komodo dragon hisses angrily.
The komodo dragon is lightly wounded.
The komodo dragon's fire resistance burns away.
You hear a howl!
Casting: Scorch (safe; 1% risk of failure)
Confirm with . or Enter, or press ? or * to list all spells.
Flames lash the komodo dragon.
The komodo dragon is burned terribly!
The komodo dragon is moderately wounded.
The komodo dragon is engulfed in a cloud of scalding steam.
The komodo dragon barely misses you.
Casting: Scorch (safe; 1% risk of failure)
Confirm with . or Enter, or press ? or * to list all spells.
Flames lash the komodo dragon.
The komodo dragon is burned terribly!
The komodo dragon is heavily wounded.
The komodo dragon is engulfed in a cloud of scalding steam.
The komodo dragon misses you.
Casting: Scorch (safe; 1% risk of failure)
Confirm with . or Enter, or press ? or * to list all spells.
Flames lash the komodo dragon.
The komodo dragon is burned terribly!
The komodo dragon is severely wounded.
The komodo dragon bites you!
You die...
Your body disappears without a glow.

▒▒▒▒▒▒▒▒▒▒
▒.........
▒.........
▒P.)......
▒▒▒▒........
▒▒▒▒~..~.~.....
▒▒▒▒..~~~.~...~~..
▒Ql#~~~~.~~~~~~~~~
▒▒▒#~~~~~~~~~~~~~~
▒▒....~...~.....
▒...........~.~.
▒▒▒....~...~.~.▒
▒..........▒▒▒
▒▒..........▒▒
▒▒.............
▒▒..............


You could see a komodo dragon (combustible).

Vanquished Creatures
  A two-headed ogre (D:9)
  6 death yaks (Lair:1)
  A manticore (D:11)
  3 black mambas
  2 rime drakes
  An unseen horror (D:11)
  4 cane toads
  2 komodo dragons
  A troll (D:10)
  2 hornets
  2 wyverns
  11 yaks
  3 wraiths
  A steam dragon (D:7)
  2 humans (D:7)
  3 water moccasins
  12 orc warriors
  An ice beast (D:8)
  An ogre (D:6)
  7 wolves
  2 phantoms
  2 centaurs
  3 kobold brigands
  5 bullfrogs
  A gnoll sergeant (D:3)
  2 scorpions
  Dowan (D:7)
  10 wights
  6 killer bees
  4 howler monkeys
  3 hounds
  12 orc priests
  3 jellies
  4 iguanas
  Ijyb (D:5)
  14 orc wizards
  4 gnolls
  7 adders
  A shadow imp (D:5)
  2 ufetubi
  A dart slug (D:10)
  60 orcs
  10 ball pythons
  6 endoplasms
  4 giant cockroaches
  4 goblins
  7 hobgoblins
  5 jackals (D:2)
  18 kobolds
  A quokka (D:3)
  6 bats
  4 rats
279 creatures vanquished.

Vanquished Creatures (collateral kills)
  2 foxfires (Lair:1)
2 creatures vanquished.

Vanquished Creatures (others)
  610 foxfires
610 creatures vanquished.

Grand Total: 891 creatures vanquished

Notes
Turn   | Place    | Note
-------+----------+-------------------------------------------
     0 | D:1      | shmup the Tengu Fire Elementalist began the quest for the
                  | Orb.
     0 | D:1      | Reached XP level 1. HP: 10/10 MP: 4/4
   181 | D:1      | Reached XP level 2. HP: 15/15 MP: 3/6
   260 | D:1      | Learned a level 2 spell: Scorch
   457 | D:1      | Reached skill level 4 in Fire Magic
   512 | D:1      | Reached XP level 3. HP: 14/19 MP: 7/7
   980 | D:2      | Found a faded altar of an unknown god.
  1227 | D:2      | Reached XP level 4. HP: 24/24 MP: 5/8
  1650 | D:3      | Reached skill level 5 in Fire Magic
  1783 | D:3      | Noticed a gnoll sergeant
  1791 | D:3      | Killed a gnoll sergeant
  1792 | D:3      | Gained mutation: Your magical nature lets you fly swiftly
                  | and evasively. [Tengu growth]
  1792 | D:3      | Reached XP level 5. HP: 28/28 MP: 4/9
  1955 | D:3      | Reached skill level 6 in Fire Magic
  2065 | D:3      | Reached XP level 6. HP: 32/32 MP: 6/10
  2365 | D:3      | Found an ancient bone altar of Kikubaaqudgha.
  2429 | D:3      | Found a hazy altar of Hepliaklqana.
  2633 | D:4      | Found a sparkling altar of Nemelex Xobeh.
  2767 | D:4      | Reached skill level 5 in Conjurations
  2767 | D:4      | Reached skill level 7 in Fire Magic
  3111 | D:5      | Entered Level 5 of the Dungeon
  3127 | D:5      | Reached XP level 7. HP: 36/36 MP: 5/11
  3262 | D:5      | Found a glowing golden altar of the Shining One.
  3315 | D:4      | Became a worshipper of Nemelex Xobeh the Trickster
  3559 | D:5      | Noticed Ijyb
  3568 | D:5      | Reached skill level 1 in Fighting
  3571 | D:5      | Killed Ijyb
  3726 | D:5      | Found an opulent altar of Gozag.
  3731 | D:5      | Reached XP level 8. HP: 43/43 MP: 9/12
  4189 | D:6      | Reached skill level 8 in Fire Magic
  4370 | D:6      | Reached * piety under Nemelex Xobeh
  4600 | D:6      | Found a staircase to the Ecumenical Temple.
  4658 | D:6      | Learned a level 3 spell: Inner Flame
  4663 | D:6      | Learned a level 4 spell: Flame Wave
  4690 | D:6      | Received a gift from Nemelex Xobeh
  5313 | D:7      | Found an iron altar of Okawaru.
  5353 | D:7      | Reached skill level 9 in Fire Magic
  5353 | D:7      | Reached XP level 9. HP: 51/51 MP: 13/13
  5604 | D:7      | Reached skill level 5 in Dodging
  5650 | D:7      | Noticed Dowan
  5654 | D:7      | Killed Dowan
  5656 | D:7      | Noticed Duvessa
  6149 | D:8      | Reached ** piety under Nemelex Xobeh
  6210 | D:8      | Reached skill level 10 in Fire Magic
  6462 | D:8      | Found a staircase to the Lair.
  6624 | D:8      | Reached skill level 5 in Fighting
  6624 | D:8      | Reached XP level 10. HP: 59/59 MP: 14/14
  7208 | D:9      | Reached skill level 10 in Conjurations
  7208 | D:9      | Reached skill level 11 in Fire Magic
  7687 | D:9      | HP: 2/59 [orc warrior/bolt (16)]
  8088 | D:9      | Noticed a two-headed ogre
  8092 | D:9      | Killed a two-headed ogre
  8285 | D:9      | Found Wimext's Antique Armour Boutique.
  8645 | D:10     | Entered Level 10 of the Dungeon
  8902 | D:10     | Reached skill level 12 in Fire Magic
  9158 | D:10     | Found a glowing silver altar of Zin.
  9198 | D:10     | Found a snail-covered altar of Cheibriados.
  9341 | D:10     | Found a bloodstained altar of Trog.
  9358 | D:10     | Reached *** piety under Nemelex Xobeh
  9412 | D:10     | Found a basalt altar of Yredelemnul.
  9444 | D:10     | Reached XP level 11. HP: 43/65 MP: 15/15
  9624 | D:10     | Found a staircase to the Orcish Mines.
  9878 | D:10     | Found a radiant altar of Vehumet.
  9878 | D:10     | Found a white marble altar of Elyvilon.
 10053 | D:11     | Noticed a boulder beetle
 10228 | D:11     | Noticed a boulder beetle
 10257 | D:11     | Noticed a manticore
 10265 | D:11     | Killed a manticore
 10663 | Orc:1    | Entered Level 1 of the Orcish Mines
 10726 | Orc:2    | Entered Level 2 of the Orcish Mines
 10774 | Orc:2    | Found a staircase to the Elven Halls.
 10864 | Orc:2    | Noticed an orc sorcerer
 10904 | Orc:2    | Noticed an orc sorcerer
 11201 | Lair:1   | Entered Level 1 of the Lair of Beasts
 11301 | Lair:1   | Reached **** piety under Nemelex Xobeh
 11302 | Lair:1   | Noticed a boulder beetle
 11365 | Lair:1   | Reached skill level 13 in Fire Magic
 11648 | Lair:1   | Noticed a death yak
 11699 | Lair:1   | Killed a death yak
 11724 | Lair:1   | Learned a level 5 spell: Iskenderun's Battlesphere
 11766 | Lair:1   | Noticed a death yak
 11766 | Lair:1   | Noticed a death yak
 11795 | Lair:1   | Noticed a death yak
 11795 | Lair:1   | Noticed a death yak
 11798 | Lair:1   | Noticed a death yak
 11800 | Lair:1   | Killed a death yak
 11824 | Lair:1   | Killed a death yak
 11874 | Lair:1   | Killed a death yak
 11875 | Lair:1   | Reached XP level 12. HP: 73/73 MP: 9/16
 11877 | Lair:1   | Killed a death yak
 12028 | Lair:1   | Killed a death yak
 12029 | Lair:1   | Reached skill level 14 in Fire Magic
 12350 | Lair:1   | Received a gift from Nemelex Xobeh
 12594 | Lair:2   | HP: 1/74 [komodo dragon (25)]
 12632 | Lair:1   | Slain by a komodo dragon

Illustrated notes

Levels and vault maps discovered:
D:1:      minmay_arrival_four_loops, layout_basic
D:2:      layout_basic, shapermc_ecumenical_altar_totnotflames,
          minmay_gold_behind_fungi
D:3:      layout_basic, nicolae_hepliaklqana_hippocampus, lemuel_tele_altar
D:4:      layout_rooms, nemelex_diamond_rough_becter, serial_curves,
          eino_curves_01, eino_curves_04, eino_curves_01, eino_curves_04
D:5:      layout_basic, lemuel_doored_altar, kennysheep_mini_moat, uniq_ijyb
D:6:      layout_loops_corners, minmay_temple_entry_junction_2
D:7:      layout_rooms, okawaru_humans, uniq_duvessa
D:8:      layout_loops_ring, lair_entry_dummy
D:9:      layout_cave_pods, serial_shops, kennysheep_little_box
D:10:     layout_grid_maze, kennysheep_slug_shrine,
          mainiacjoe_overflow_surrounded_room, mainiacjoe_overflow_24_doors,
          mainiacjoe_overflow_boulevard, gammafunk_temple_overflow_elements,
          david_orc_5
D:11:     layout_irregular_city
Lair:1:   layout_hall_layers, serial_bayou_pond_d,
          chequers_serial_rivers_small_3, lemuel_fruit_tree
Lair:2:   layout_hall_layers, elwin_shoals_entry_rooms,
          hellmonk_ghost_happy_afterlife
Orc:1:    layout_caves
Orc:2:    st_orc_mages, layout_caves, ebering_ghost_disaster_area,
          minmay_orc_treasury

Skill      XL: |  1  2  3  4  5  6  7  8  9 10 11 12 |
---------------+-------------------------------------+-----
Conjurations   | 2 3 4 6 7 8 9 11 12 | 12.7
Fire Magic     | 4 5 6 7 9 10 12 13 14 | 14.4
Fighting       | 1 3 5 6 7 8 |  8.2
Dodging        | 4 6 7 8 9 |  9.3
Stealth        | |  2.0
Spellcasting   | |  2.5

Action                     |  1- 3 |  4- 6 |  7- 9 | 10-12 || total
---------------------------+-------+-------+-------+-------++-------
  Melee: Spear             |     1 |     2 |       |       ||     3
         Staff             |       |     2 |     7 |     3 ||    12
         Kick              |       |     2 |     2 |     4 ||     8
         Peck              |       |     1 |     4 |     2 ||     7
         Dagger            |       |     4 |    11 |       ||    15
         Halberd           |       |       |       |     3 ||     3
   Cast: Foxfire           |    43 |    50 |    39 |   226 ||   358
         Scorch            |     5 |    20 |   123 |   159 ||   307
         Inner Flame       |       |       |     1 |    40 ||    41
         Iskenderun's Batt |       |       |       |     4 ||     4
         Flame Wave        |       |       |       |     5 ||     5
    Use: Scroll            |     1 |     3 |     5 |     9 ||    18
         Potion            |       |       |     1 |     2 ||     3
 Armour: Robe              |     4 |     2 |     5 |     8 ||    19
  Dodge: Dodged            |    13 |    10 |    63 |    97 ||   183
